 Dungeon Crawl Stone Soup version 0.18.1-50-g88ac8fd (webtiles) character file.

5296 magog001 the Blocker (level 10, 0/88 HPs)
             Began as a Hill Orc Fighter on Aug 30, 2018.
             Killed by the air
             ... invoked by Gastronok
              (29 damage)
             ... on level 10 of the Dungeon.
             The game lasted 00:56:09 (10379 turns).

magog001 the Blocker (Hill Orc Fighter)            Turns: 10379, Time: 00:56:10

Health: 0/88       AC: 21    Str: 30    XL:     10   Next: 63%
Magic:  10/10      EV:  8    Int:  8    God:
Gold:   87         SH: 13    Dex: 10    Spells: 0 memorised, 9 levels left

rFire  . . .     SeeInvis .     x - +3 hand axe (elec)
rCold  . . .     Gourm    .     Q - +0 plate armour
rNeg   . . .     Faith    .     c - +0 shield
rPois  .         Spirit   .     B - +0 helmet
rElec  .         Dismiss  .     G - +0 cloak
rCorr  .         Reflect  .     m - +1 pair of gloves
SustAt .         Harm     .     (no boots)
MR     .....                    (no amulet)
Stlth  ..........               H - +5 ring of strength
                                r - ring of flight

@: not resistant to hostile enchantments, extremely unstealthy
A: thin metallic scales 1, mutation resistance 1, strong 1, subdued magic 1
a: Evoke Flight


You were on level 10 of the Dungeon.
You were not hungry.

You visited 2 branches of the dungeon, and saw 11 of its levels.

You collected 547 gold pieces.
You spent 460 gold pieces at shops.

Inventory:

Hand Weapons
 x - a +3 hand axe of electrocution (weapon)
 z - a +2 hunting sling of flaming
Missiles
 g - 5 needles of confusion
 h - 31 poisoned needles
 i - 60 sling bullets
 y - 2 javelins
 E - 6 needles of frenzy
 I - 2 tomahawks of returning (quivered)
Armour
 c - a +0 shield (worn)
 m - a +1 pair of gloves (worn)
 B - a +0 helmet (worn)
 G - a +0 cloak (worn)
 Q - a +0 plate armour (worn)
Jewellery
 k - an uncursed ring of stealth
 r - a ring of flight (left hand)
 H - a +5 ring of strength (right hand)
Wands
 a - a wand of digging (19/24)
 p - a wand of flame (18/48)
 t - a wand of paralysis (12/24)
 v - a wand of flame (21/48)
Scrolls
 e - a scroll of vulnerability {unknown}
 j - 9 scrolls of identify
 l - 4 scrolls of magic mapping
 o - a scroll of remove curse
 q - 2 scrolls of blinking
 s - 2 scrolls of amnesia
 F - a scroll of noise
 J - a scroll of recharging
 K - a scroll of summoning
 O - a scroll of fear {unknown}
 P - a scroll of torment {unknown}
Potions
 b - 2 potions of magic
 n - 2 potions of brilliance
 w - a potion of haste
 A - 3 potions of might
 D - 2 potions of flight
 L - a potion of heal wounds
Miscellaneous
 N - a sack of spiders
Comestibles
 d - 3 meat rations
 f - 7 bread rations
 u - 8 fruits
 C - 7 slices of pizza


   Skills:
 * Level 8.0 Fighting
 * Level 9.9 Axes
 * Level 8.6 Armour
 + Level 3.3 Dodging
 + Level 0.3 Stealth
 * Level 10.2 Shields


You had 9 spell levels left.
You didn't know any spells.

Dungeon Overview and Level Annotations

Branches:
Dungeon (10/15)            Temple (1/1) D:6            Lair (0/8) D:9
    Orc (0/2) D:10

Altars:
Ashenzari
Cheibriados
Dithmenos
Elyvilon
Fedhas
Gozag
Kikubaaqudgha
Makhleb
Nemelex Xobeh
Okawaru
Pakellas
Qazlal
Ru
Sif Muna
Trog
Vehumet
Xom
Yredelemnul
Zin
The Shining One
Beogh

Shops:
D:4 *   D:5 [   D:7 ?   D:8 (

Annotations:
D:10 Gastronok


Innate Abilities, Weirdness & Mutations

You are partially covered in thin metallic scales (AC +2).
You are somewhat resistant to further mutation.
Your muscles are strong. (Str +2)
Your spells are a little easier to cast, but a little less powerful.


Message History

You hit Gastronok but do no damage.
Gastronok is moderately wounded.
You hit Gastronok.
Gastronok is moderately wounded.
Gastronok bites you!
You hit Gastronok.
Gastronok is moderately wounded.
You hit Gastronok.
Gastronok is moderately wounded.
Gastronok casts a spell.
Gastronok puts on a burst of speed!
You hit Gastronok.
Gastronok is moderately wounded.
You slash Gastronok!
Gastronok is moderately wounded.
You hit Gastronok but do no damage.
Gastronok is moderately wounded.
Gastronok waves his eye-stalks in wide circles.
The air twists around and strikes you!
You die...

.........#####....#
.............######
..................
..................
.........)).......
...######..########
..#.......8#.....#
#........#)....#
#.....>.)@)._..#
#.......(#w....#
###.....8#.....#
#+##..########
...... ......(
......... .........
.......


You could see Gastronok.

Vanquished Creatures
  The ghost of magog001 the Shield-Bearer, a novice HOFi of Nemelex Xobeh (D:8)
  Pikel (D:5)
  Psyche (D:8)
  A spriggan (D:8)
  A vampire (D:9)
  Edmund (D:5)
  Duvessa (D:5)
  An orc warrior (D:9)
  An ice beast (D:6)
  3 sky beasts
  2 phantoms
  3 slaves (D:5)
  3 ogres
  An eye of draining (D:9)
  5 centaurs
  A crocodile (D:9)
  Blork the orc (D:5)
  3 giant frogs
  Dowan (D:5)
  6 scorpions
  A howler monkey (D:6)
  3 crimson imps
  3 giant frog zombies
  A wasp zombie (D:9)
  A centaur zombie (D:8)
  A gnoll shaman (D:9)
  4 hounds
  A jelly (D:5)
  6 orc priests
  2 giant frog skeletons
  3 orc wizards
  7 worker ants
  An iguana (D:9)
  14 adders
  9 gnolls
  3 shadow imps
  An adder zombie (D:8)
  4 worms
  3 dart slugs
  3 giant geckos
  28 orcs
  2 ball pythons (D:1)
  A giant cockroach (D:4)
  8 goblins
  7 hobgoblins
  5 jackals
  5 quokkas
  7 bats
  3 giant newts
  8 kobolds
  6 rats
189 creatures vanquished.

Vanquished Creatures (others)
  An orange crystal statue (D:7)
  A quokka zombie (D:6)
2 creatures vanquished.

Grand Total: 191 creatures vanquished

Notes
Turn   | Place    | Note
--------------------------------------------------------------
     0 | D:1      | magog001 the Hill Orc Fighter began the quest for the Orb.
     0 | D:1      | Reached XP level 1. HP: 19/19 MP: 1/1
   213 | D:1      | Reached XP level 2. HP: 25/27 MP: 2/2
   737 | D:2      | Reached XP level 3. HP: 24/33 MP: 3/3
   994 | D:2      | Reached skill level 4 in Shields
  1138 | D:2      | Found a basalt altar of Yredelemnul.
  1463 | D:2      | Reached XP level 4. HP: 30/40 MP: 4/4
  1712 | D:2      | Found an ancient bone altar of Kikubaaqudgha.
  2245 | D:3      | Reached XP level 5. HP: 46/46 MP: 5/5
  3541 | D:4      | Reached XP level 6. HP: 53/53 MP: 6/6
  3655 | D:4      | Reached skill level 5 in Armour
  3771 | D:4      | Reached skill level 5 in Shields
  3810 | D:4      | Noticed a phantom
  3821 | D:4      | Killed a phantom
  3821 | D:4      | Reached skill level 1 in Dodging
  3869 | D:4      | Found Ecaosueg's General Store.
  3873 | D:4      | Bought a scroll of enchant armour for 82 gold pieces
  3879 | D:4      | Reached XP level 7. HP: 58/60 MP: 7/7
  3912 | D:4      | Reached skill level 5 in Fighting
  4232 | D:5      | Entered Level 5 of the Dungeon
  4253 | D:5      | Noticed Blork the orc
  4260 | D:5      | Reached skill level 6 in Shields
  4261 | D:5      | Killed Blork the orc
  4307 | D:5      | Reached XP level 8. HP: 46/68 MP: 8/8
  4458 | D:5      | Found a glowing golden altar of the Shining One.
  4469 | D:5      | Noticed Duvessa
  4469 | D:5      | Noticed Dowan
  4477 | D:5      | Killed Duvessa
  4477 | D:5      | Reached skill level 5 in Axes
  4491 | D:5      | Killed Dowan
  4562 | D:5      | Noticed Edmund
  4573 | D:5      | Killed Edmund
  4573 | D:5      | Reached skill level 7 in Shields
  4663 | D:5      | Found Hiuvawat's Armour Shoppe.
  4895 | D:5      | Noticed Pikel
  4912 | D:5      | Killed Pikel
  4912 | D:5      | Reached skill level 8 in Shields
  4912 | D:5      | Reached XP level 9. HP: 74/78 MP: 9/9
  4975 | D:5      | Found a white marble altar of Elyvilon.
  5259 | D:5      | Found a shimmering altar of Xom.
  5601 | D:6      | Gained mutation: Your muscles are strong. (Str +2) [potion of mutation]
  5601 | D:6      | Gained mutation: You are somewhat resistant to further mutation. [potion of mutation]
  5614 | D:6      | Gained mutation: Your spells are a little easier to cast, but a little less powerful. [potion of mutation]
  5614 | D:6      | Gained mutation: You are partially covered in thin metallic scales (AC +2). [potion of mutation]
  5689 | D:6      | Found a stormy altar of Qazlal.
  5748 | D:6      | Found a staircase to the Ecumenical Temple.
  5794 | Temple   | Entered the Ecumenical Temple
  6280 | D:6      | Found a sparkling altar of Nemelex Xobeh.
  6773 | D:7      | Found an oddly glowing altar of Pakellas.
  6773 | D:7      | Noticed an orange crystal statue
  6774 | D:7      | Noticed a troll
  6782 | D:7      | Killed an orange crystal statue
  7305 | D:7      | Found Xeg Bemi's Magic Scroll Shoppe.
  7404 | D:7      | Bought a scroll of identify for 28 gold pieces
  7404 | D:7      | Bought a scroll of identify for 28 gold pieces
  7404 | D:7      | Bought a scroll of recharging for 133 gold pieces
  7404 | D:7      | Bought a scroll of identify for 28 gold pieces
  7404 | D:7      | Bought a scroll of identify for 28 gold pieces
  7404 | D:7      | Bought a scroll of summoning for 133 gold pieces
  7632 | D:8      | Found a deep blue altar of Sif Muna.
  7643 | D:8      | Found a basalt altar of Yredelemnul.
  7648 | D:8      | Found an iron altar of Okawaru.
  7651 | D:8      | Found a radiant altar of Vehumet.
  7727 | D:8      | Noticed Psyche
  7745 | D:8      | Killed Psyche
  7745 | D:8      | Reached skill level 9 in Shields
  8040 | D:8      | Found a radiant altar of Vehumet.
  8139 | D:8      | Reached XP level 10. HP: 77/86 MP: 10/10
  8304 | D:8      | Found a glowing silver altar of Zin.
  8305 | D:8      | Noticed magog001's ghost (novice HOFi)
  8306 | D:8      | Noticed an angel
  8327 | D:8      | Killed magog001's ghost
  8893 | D:8      | Found Leowe's Weapon Shop.
  9054 | D:9      | Found a staircase to the Lair.
  9156 | D:9      | Reached skill level 10 in Shields
  9196 | D:9      | Found a shattered altar of Ashenzari.
 10296 | D:10     | Entered Level 10 of the Dungeon
 10330 | D:10     | Found a staircase to the Orcish Mines.
 10355 | D:10     | Found a roughly hewn altar of Beogh.
 10355 | D:10     | Noticed Gastronok
 10379 | D:10     | Killed from afar by Gastronok

Skill      XL: |  1  2  3  4  5  6  7  8  9 10 |
---------------+-------------------------------+-----
Fighting       | 4 5 6 7 8 |  8.0
Shields        | 4 5 6 8 9 10 | 10.2
Armour         | 4 5 6 7 8 |  8.6
Axes           | 3 4 6 8 9 |  9.9
Dodging        | 1 2 3 |  3.3
Stealth        | |  0.3

Action                   |  1- 3 |  4- 6 |  7- 9 | 10-12 || total
-------------------------+-------+-------+-------+-------++-------
Melee: War axe           |   120 |   199 |       |       ||   319
       Hand axe          |       |    42 |   284 |   170 ||   496
Evoke: Wand              |       |       |     1 |       ||     1
  Use: Potion            |     2 |       |    13 |       ||    15
       Scroll            |       |     6 |     7 |     3 ||    16
  Eat: Chunk             |     2 |     6 |    11 |     3 ||    22
       Beef jerky        |       |     1 |       |       ||     1
       Pizza             |       |       |     1 |     2 ||     3
       Royal jelly       |       |       |     1 |       ||     1
       Fruit             |       |       |     1 |       ||     1
       Meat ration       |       |       |       |     1 ||     1
Armor: Chain mail        |    70 |   138 |    94 |    40 ||   342
       Plate armour      |       |       |       |     5 ||     5
Dodge: Dodged            |    29 |    42 |    58 |    30 ||   159
Block: Shield            |    66 |   126 |   139 |    64 ||   395
